 Dungeon Crawl Stone Soup version 0.19-a0-1895-g783e625 (webtiles) character file.

360 Goblin1989 the Spear-Bearer (level 6, -1/47 HPs)
             Began as a Merfolk Skald on Oct 18, 2016.
             Slain by a hornet zombie (7 damage)
             ... on level 5 of the Dungeon.
             The game lasted 00:16:04 (4579 turns).

Goblin1989 the Spear-Bearer (Merfolk Skald)         Turns: 4579, Time: 00:16:04

Health: -1/47      AC:  6    Str: 14    XL:     6   Next: 65%
Magic:  9/9        EV: 18    Int: 11    God:
Gold:   193        SH:  0    Dex: 14    Spells: 4 memorised, 0 levels left

rFire  . . .     SeeInvis .     a - +0 spear
rCold  . . .     Gourm    .     h - +1 ring mail
rNeg   . . .     Faith    .     (no shield)
rPois  .         Spirit   .     (no helmet)
rElec  .         Reflect  .     (no cloak)
rCorr  .         Harm     .     (no gloves)
MR     +....                    (no boots)
Stlth  +.........               (no amulet)
                                m - ring of protection from magic
                                t - +6 ring of evasion

@: no status effects
A: change form in water, swift swim, stealthy swim
a: no special abilities


You were on level 5 of the Dungeon.
You were very hungry.

You visited 1 branch of the dungeon, and saw 5 of its levels.

You collected 193 gold pieces.

Inventory:

Hand Weapons
 a - a +0 spear (weapon)
Armour
 h - a +1 ring mail (worn)
Jewellery
 m - a ring of protection from magic (right hand)
 t - a +6 ring of evasion (left hand)
Scrolls
 i - 2 scrolls of fog
 k - 2 scrolls of remove curse {@r2}
 r - a scroll of enchant weapon
 R - a scroll of identify {@r1}
Potions
 e - a potion of ambrosia
 g - 2 potions of resistance
 p - a potion of brilliance
Books
 c - a book of Battle

   Spells                             Type                      Level
   a - Infusion                       Charms                       1
   b - Shroud of Golubria             Charms/Translocation         2
   c - Song of Slaying                Charms                       2
   d - Spectral Weapon                Hexes/Charms                 3
   e - Regeneration                   Charms/Necromancy            3
Comestibles
 b - a meat ration {@e2}
 d - 4 bread rations {@e1}


   Skills:
 + Level 3.1 Fighting
 * Level 8.8 Polearms
 - Level 0.6 Armour
 + Level 3.2 Dodging
 - Level 2.0 Spellcasting
 - Level 3.2 Charms


You couldn't memorise any spells.
You knew the following spells:

 Your Spells              Type           Power        Failure   Level  Hunger
a - Infusion              Chrm           #...         17%         1    ##.....
y - Song of Slaying       Chrm           #.......     28%         2    ###....
R - Regeneration          Chrm/Necr      #.........   87%         3    ####...
W - Spectral Weapon       Hex/Chrm       #.......     87%         3    ####...


Dungeon Overview and Level Annotations

Branches:
Dungeon (5/15)
 Temple: D:4-7

Altars:
Dithmenos
Elyvilon
Fedhas
Trog
Xom

Annotations:
D:4 Grinder


Message History

You hit the hornet zombie.
The hornet zombie is severely damaged.
The hornet zombie hits you but does no damage.
You hit the hornet zombie.
The hornet zombie is almost destroyed.
The hornet zombie hits you.
* * * LOW HITPOINT WARNING * * *
You take 2 damage, and have 13/47 hp.
You closely miss the hornet zombie.
The hornet zombie is almost destroyed.
The hornet zombie hits you!
* * * LOW HITPOINT WARNING * * *
You take 8 damage, and have 5/47 hp.
You hit the hornet zombie.
The hornet zombie is almost destroyed.
The hornet zombie hits you but does no damage.
You barely miss the hornet zombie.
The hornet zombie is almost destroyed.
The hornet zombie hits you!
You die...

█...█ █.█ █.█
█.█..█ █.█ ..██.█
█.█ ..█ .█ █.█ ..█
.█ █.█ █.█ █ █.█
..█ █ .█ █.█
.███.█... █.█
█........ █@█
█...█....███▲███Z█
....█. ..█.....█.█
█................█
.........█.....███
.........███▲███
.........
....██...
.........


You could see a hornet zombie.

Vanquished Creatures
  A crimson imp (D:5)
  A hound (D:3)
  Jessica (D:2)
  Natasha (twice) (D:2)
  2 worker ants
  6 adders
  An ooze (D:4)
  2 worms
  4 dart slugs
  A leopard gecko (D:5)
  8 orcs
  9 bats
  4 giant cockroaches
  10 goblins
  15 hobgoblins
  5 jackals
  3 quokkas
  5 ball pythons
  6 frilled lizards
  9 kobolds
  8 rats
103 creatures vanquished.

Notes
Turn   | Place    | Note
-------+----------+-------------------------------------------
     0 | D:1      | Goblin1989 the Merfolk Skald began the quest for the Orb.
     0 | D:1      | Reached XP level 1. HP: 16/16 MP: 3/3
    87 | D:1      | Reached skill level 4 in Polearms
    87 | D:1      | Reached XP level 2. HP: 19/22 MP: 5/5
   570 | D:1      | Reached XP level 3. HP: 22/27 MP: 6/6
   632 | D:1      | Reached skill level 5 in Polearms
  1108 | D:2      | Noticed Natasha
  1109 | D:2      | Noticed Jessica
  1109 | D:2      | Found a white marble altar of Elyvilon.
  1119 | D:2      | Killed Natasha
  1119 | D:2      | Reached skill level 6 in Polearms
  1119 | D:2      | Reached XP level 4. HP: 22/33 MP: 7/7
  1134 | D:2      | Killed Jessica
  1393 | D:2      | Reached skill level 7 in Polearms
  1412 | D:2      | Found a shadowy altar of Dithmenos.
  1851 | D:2      | Found a blossoming altar of Fedhas.
  1884 | D:2      | Reached XP level 5. HP: 32/39 MP: 8/8
  2290 | D:2      | Noticed Natasha
  2306 | D:2      | Killed Natasha
  2937 | D:2      | Reached skill level 8 in Polearms
  2943 | D:2      | Reached XP level 6. HP: 18/46 MP: 9/9
  3351 | D:3      | Noticed Grinder
  3958 | D:4      | Learned a level 2 spell: Song of Slaying
  3962 | D:4      | Learned a level 3 spell: Regeneration
  3966 | D:4      | Learned a level 3 spell: Spectral Weapon
  4107 | D:4      | Paralysed by Grinder for 2 turns
  4274 | D:5      | Entered Level 5 of the Dungeon
  4279 | D:5      | Found a bloodstained altar of Trog.
  4330 | D:5      | Found a shimmering altar of Xom.
  4505 | D:5      | Upgraded the game from 0.19-a0-1889-g9c603be to 0.19-a0-1895-g783e625
  4579 | D:5      | Slain by a hornet zombie

Vault maps used:
D:1:      lightli_arrival_maybe_door_vault, minmay_pentomino_q4
D:2:      nicolae_dithmenos_through_a_glass_darkly, overflow_temple_1_default,
          lemuel_crystal_altar, first_bread, uniq_natasha, uniq_jessica
D:3:      uniq_grinder
D:4:      cheibrodos_quashed, serial_shops, kennysheep_mini,
          makhleb_altar_promises_db, uniq_robin
D:5:      grunt_temple_overflow_holy_war, lightli_temple_of_fire,
          xom_teletrap_fun

Skill      XL: |  1  2  3  4  5  6 |
---------------+-------------------+-----
Polearms       | 4 6 7 8 |  8.8
Dodging        | 2 3 |  3.2
Fighting       | 3 |  3.1
Armour         | |  0.6
Spellcasting   | |  2.0
Charms         | |  3.2

Action                   |  1- 3 |  4- 6 || total
-------------------------+-------+-------++-------
Melee: Spear             |   132 |   359 ||   491
 Cast: Infusion          |     1 |     2 ||     3
  Use: Potion            |       |     3 ||     3
       Scroll            |       |     8 ||     8
 Stab: Sleeping          |     1 |       ||     1
  Eat: Chunk             |     1 |    10 ||    11
Armor: Leather armour    |    15 |       ||    15
       Ring mail         |    14 |    70 ||    84
Dodge: Dodged            |    52 |   172 ||   224

Vault maps used:
D:1:      lightli_arrival_maybe_door_vault, minmay_pentomino_q4
D:2:      nicolae_dithmenos_through_a_glass_darkly, overflow_temple_1_default,
          lemuel_crystal_altar, first_bread, uniq_natasha, uniq_jessica
D:3:      uniq_grinder
D:4:      cheibrodos_quashed, serial_shops, kennysheep_mini,
          makhleb_altar_promises_db, uniq_robin
D:5:      grunt_temple_overflow_holy_war, lightli_temple_of_fire,
          xom_teletrap_fun
